 Dungeon Crawl Stone Soup version 0.31.0 (webtiles) character file.

Game seed: 2821883473884010635

1437 qw the Skirmisher (level 8, -4/50 HPs)
             Began as a Gargoyle Hunter on Jan 19, 2024.
             Was a Follower of Okawaru.
             Slain by a two-headed ogre
             ... wielding a +0 dire flail
              (17 damage)
             ... on level 6 of the Dungeon.
             The game lasted 00:00:18 (4609 turns).

qw the Skirmisher (Gargoyle Hunter)                 Turns: 4609, Time: 00:00:19

Health: -4/50      AC: 15    Str: 15    XL:     8   Next: 74%
Magic:  9/11       EV: 15    Int: 10    God:    Okawaru [*.....]
Gold:   278        SH:  0    Dex: 15    Spells: 7/7 levels left

rFire   . . .        b - +0 hand cannon (drain)
rCold   . . .        (no shield)
rNeg    + . .        i - +3 leather armour
rPois   inf          (no helmet)
rElec   +            (no cloak)
rCorr   .            c - +0 pair of gloves
SInv    .            d - +0 pair of boots
Will    .....        (no amulet)
Stlth   +++          (no ring)
HPRegen 0.28/turn    (no ring)
MPRegen 0.12/turn

%: no passive effects
@: heroic
A: sickness immunity, AC +5, negative energy resistance 1, electricity
resistance, torment resistance 1, petrification resistance
a: Renounce Religion, Heroism


You were on level 6 of the Dungeon.
You worshipped Okawaru.
Okawaru was aware of your devotion.
You visited 1 branch of the dungeon, and saw 6 of its levels.

You collected 294 gold pieces.
You spent 16 gold pieces at shops.


Innate Abilities, Weirdness & Mutations

You are immune to sickness and miasma.
Your stone body is resilient. (AC +5)
You are immune to poison.
You resist negative energy. (rN+)
You are resistant to electric shocks. (rElec)
You are resistant to unholy torment.
You are immune to petrification.


   Skills:
 + Level 5.4(10.4) Fighting
 - Level 9.0(14.0) Ranged Weapons
 - Level 1.2(6.2) Armour
 - Level 2.6(7.6) Dodging
 - Level 1.1(6.1) Stealth
 - Level 4.1 Invocations


You had 7 spell levels left.
You didn't know any spells.
Your spell library was empty.

Inventory:

Hand Weapons
 b - a +0 hand cannon of draining (weapon)
Armour
 c - a +0 pair of gloves (worn)
 d - a +0 pair of boots (worn)
 i - a +3 leather armour (worn)
Wands
 f - a wand of light (12)
 j - a wand of roots (8)
Scrolls
 a - 3 scrolls of teleportation
Potions
 e - a potion of enlightenment
 g - 2 potions of curing
 h - a potion of heal wounds
 k - a potion of might
 p - a potion of invisibility {unknown}

Dungeon Overview and Level Annotations

Branches:
Dungeon (6/15)             Temple (0/1) D:4

Altars:
Okawaru
Qazlal
Xom
Yredelemnul

Shops:
D:2 *


Message History

The bolt of light hits the ice beast!
The ice beast is almost dead.
The ice beast is blinded.
The bolt of light hits the two-headed ogre!
The two-headed ogre is moderately wounded.
The two-headed ogre is blinded.
4594 ||| ZAPPING wand of light (13) at 4,-4 (two-headed ogre; floor).
Aiming: Bolt of Light
Press: ? - help, Q - select action, (/) - cycle Shift-Dir - straight line, f/p - two-headed ogre The bolt of light hits the ice beast!
You kill the ice beast!
Okawaru accepts your kill.
The bolt of light hits the two-headed ogre.
The two-headed ogre is moderately wounded.
Your Invocations skill increases to level 4!
4595 ||| FLEEEEING.
4596 ||| FLEEEEING.
4597 ||| FLEEEEING.
There is a stone staircase leading up here.
4598 ||| STAIRDANCE You climb upwards.
There is a stone staircase leading down here.
Done exploring.
What level of the Dungeon? (default 6, ? - help)
There is a stone staircase leading down here.
You climb downwards.
The two-headed ogre hits you with a +0 dire flail!!
The two-headed ogre hits you but does no damage.
There is a stone staircase leading up here.
4608 ||| INVOKING Heroism.
You gain the combat prowess of a mighty hero.
The two-headed ogre is no longer blind.
The two-headed ogre hits you but does no damage.
The two-headed ogre hits you with a +0 giant club!
You shoot a bolt. The bolt hits the two-headed ogre!
You drain the two-headed ogre.
The two-headed ogre is severely wounded.
The two-headed ogre hits you with a +0 dire flail!
The two-headed ogre hits you with a +0 giant club!
You die...

## ##.##.
###......
###......#.
#..........
#..........
#........#.
##..........
#@O.?.......
##..).......
#...........
###.........
#.#....#..
##.....# .
.......
#.$##..


You could see a two-headed ogre (drained).

Vanquished Creatures
  Edmund (D:4)
  An ice beast (D:6)
  A black bear (D:4)
  A centaur (D:5)
  Blork the orc (D:4)
  3 scorpions
  4 wights (D:5)
  A howler monkey (D:5)
  3 crimson imps (D:4)
  A gnoll bouda (D:4)
  3 hounds (D:5)
  Jessica (D:3)
  2 sleepcaps (D:5)
  An iguana (D:2)
  Natasha (thrice) (D:4)
  6 gnolls (D:4)
  4 adders
  A white imp (D:5)
  2 ufetubi (D:5)
  3 dart slugs
  A ribbon worm (D:3)
  4 orcs (D:4)
  6 bats
  7 endoplasms
  8 giant cockroaches
  5 goblins
  10 hobgoblins
  5 quokkas
  4 ball pythons
  5 frilled lizards
  4 kobolds
  4 rats
106 creatures vanquished.

Notes
Turn   | Place    | Note
-------+----------+-------------------------------------------
     0 | D:1      | qw the Gargoyle Hunter began the quest for the Orb.
     0 | D:1      | Reached XP level 1. HP: 12/12 MP: 1/1
     0 | D:1      | 0 ||| qw: Version: 0.3-a-132-g3d54051
     0 | D:1      | 0 ||| qw: Game counter: 212
     0 | D:1      | 0 ||| qw: Melee chars always use a shield: true
     0 | D:1      | 0 ||| qw: God list: Okawaru
     0 | D:1      | 0 ||| qw: Allow faded altars: false
     0 | D:1      | 0 ||| qw: Do Orc after clearing Dungeon:15 true
     0 | D:1      | 0 ||| qw: Do second Lair branch before Depths: true
     0 | D:1      | 0 ||| qw: Lair rune preference: random
     0 | D:1      | 0 ||| qw: Goals: Normal
     0 | D:1      | 0 ||| PLANNING D:1-11
   151 | D:1      | Reached XP level 2. HP: 9/17 MP: 2/2
   368 | D:1      | Found a faded altar of an unknown god.
   611 | D:1      | Reached XP level 3. HP: 21/21 MP: 3/3
   726 | D:1      | Reached skill level 5 in Ranged Weapons
   780 | D:1      | 780 ||| DROPPING ring of wizardry.
   781 | D:1      | 781 ||| READING scroll labelled UTZADY SUIZETZ.
   781 | D:1      | 781 ||| ENCHANTING +0 shortbow.
   782 | D:1      | 782 ||| READING scroll labelled HYROR VORIJA.
   783 | D:1      | 783 ||| READING scroll labelled EBATAT TUMAKK.
   783 | D:1      | 783 ||| IDENTIFYING glowing brown potion
   784 | D:1      | 784 ||| READING 2 scrolls labelled VAPRUALYI GIKH.
   785 | D:1      | 785 ||| READING scroll labelled EKLETH HUGGAQ.
   789 | D:1      | 789 ||| DROPPING scroll of butterflies.
   790 | D:1      | 790 ||| DROPPING potion of magic.
   791 | D:1      | 791 ||| DROPPING scroll of noise.
   831 | D:2      | Found Teimiag's Assorted Antiques.
   837 | D:2      | 837 ||| SHOPLISTING +6 arbalest "Damnation" {damnation}
                  | (1440 gold, have 49).
   837 | D:2      | 837 ||| SHOPLISTING encrusted silver wand (72 gold, have
                  | 49).
   837 | D:2      | 837 ||| SHOPLISTING glowing robe (66 gold, have 49).
   837 | D:2      | 837 ||| BUYING puce potion (16 gold).
   837 | D:2      | Bought a puce potion for 16 gold pieces
   837 | D:2      | 837 ||| SHOPLISTING scroll of identify (36 gold, have 33).
  1137 | D:2      | HP: 3/22 [iguana (8)]
  1139 | D:2      | Reached skill level 3 in Fighting
  1139 | D:2      | Reached XP level 4. HP: 4/28 MP: 4/4
  1139 | D:2      | 1139 ||| FLEEEEING.
  1508 | D:2      | 1508 ||| FLEEEEING.
  1756 | D:2      | 1756 ||| READING 2 scrolls of identify.
  1756 | D:2      | 1756 ||| IDENTIFYING red potion
  1757 | D:2      | 1757 ||| READING scroll of identify.
  1757 | D:2      | 1757 ||| IDENTIFYING fuming white potion
  1758 | D:2      | 1758 ||| READING 2 scrolls labelled BIN ES AB OBO.
  1759 | D:2      | 1759 ||| READING 2 scrolls labelled OCLYUN QINEIZ.
  1760 | D:2      | 1760 ||| READING scroll labelled WUGABO CEAXEOX.
  1761 | D:2      | 1761 ||| DRINKING 2 puce potions.
  1762 | D:2      | 1762 ||| DROPPING scroll of revelation.
  1763 | D:2      | 1763 ||| DROPPING scroll of amnesia.
  2009 | D:3      | Found an iron altar of Okawaru.
  2033 | D:3      | Noticed Jessica
  2036 | D:3      | Killed Jessica
  2037 | D:3      | Reached XP level 5. HP: 32/32 MP: 5/5
  2094 | D:3      | Found a basalt altar of Yredelemnul.
  2233 | D:3      | 2233 ||| UPGRADING to +0 pair of boots.
  2374 | D:4      | Noticed Natasha
  2378 | D:4      | Killed Natasha
  2379 | D:4      | Reached skill level 6 in Ranged Weapons
  2428 | D:4      | Noticed Natasha
  2432 | D:4      | Killed Natasha
  2433 | D:4      | Reached skill level 1 in Armour
  2487 | D:4      | Noticed Blork the orc
  2499 | D:4      | Killed Blork the orc
  2500 | D:4      | Reached XP level 6. HP: 34/39 MP: 6/6
  2518 | D:4      | Found a stormy altar of Qazlal.
  2554 | D:4      | 2554 ||| FLEEEEING.
  2685 | D:4      | 2685 ||| FLEEEEING.
  2761 | D:4      | Noticed Natasha
  2769 | D:4      | Killed Natasha
  2872 | D:4      | Found a shimmering altar of Xom.
  2884 | D:4      | Reached skill level 7 in Ranged Weapons
  2884 | D:4      | Reached XP level 7. HP: 44/44 MP: 7/7
  2895 | D:4      | 2895 ||| UPGRADING to +3 leather armour.
  2905 | D:4      | 2905 ||| FLEEEEING.
  2905 | D:4      | Noticed Edmund
  2907 | D:4      | 2907 ||| FLEEEEING.
  2908 | D:4      | 2908 ||| FLEEEEING.
  2932 | D:4      | HP: 10/44 [Edmund/+0 flail of draining (6)]
  2933 | D:4      | 2933 ||| DRINKING potion of heal wounds.
  2936 | D:4      | Killed Edmund
  3012 | D:4      | 3012 ||| FLEEEEING.
  3014 | D:4      | 3014 ||| STAIRDANCE
  3016 | D:3      | 3016 ||| PLANNING OKAWARU WORSHIP
  3016 | D:3      | 3016 ||| DROPPING +0 leather armour.
  3017 | D:3      | 3017 ||| READING scroll of identify.
  3017 | D:3      | 3017 ||| IDENTIFYING pink potion
  3018 | D:3      | 3018 ||| READING 3 scrolls labelled XIEMOB HOX.
  3019 | D:3      | 3019 ||| READING scroll labelled FETIN YHODUEM.
  3019 | D:3      | Identified a scroll of acquirement
  3019 | D:3      | 3019 ||| ACQUIRING +0 hand cannon of draining
  3019 | D:3      | Acquired a +0 hand cannon of draining
  3020 | D:3      | 3020 ||| READING scroll labelled CAPHAL KUKIFA.
  3021 | D:3      | 3021 ||| DRINKING 2 green potions.
  3022 | D:3      | 3022 ||| DRINKING 2 purple potions.
  3023 | D:3      | 3023 ||| DROPPING 2 scrolls of poison.
  3024 | D:3      | 3024 ||| DROPPING potion of attraction.
  3032 | D:3      | Became a worshipper of Warmaster Okawaru
  3033 | D:3      | 3033 ||| PLANNING D:1-11
  3041 | D:3      | 3041 ||| SWAPPING to +0 hand cannon of draining.
  3042 | D:3      | 3042 ||| DROPPING +1 shortbow.
  3185 | D:4      | 3185 ||| DRINKING potion of haste.
  3553 | D:4      | Reached skill level 8 in Ranged Weapons
  3559 | D:4      | Found a staircase to the Ecumenical Temple.
  3659 | D:5      | Entered Level 5 of the Dungeon
  3775 | D:5      | Reached XP level 8. HP: 49/49 MP: 8/8
  3779 | D:5      | Reached * piety under Okawaru
  3836 | D:5      | 3836 ||| RETREEEEATING.
  3838 | D:5      | Reached skill level 1 in Invocations
  3843 | D:5      | 3843 ||| FLEEEEING.
  4011 | D:5      | 4011 ||| FLEEEEING.
  4042 | D:5      | Reached skill level 3 in Invocations
  4057 | D:5      | Identified the +8 dagger of the Jester {flame, Int+3}
  4076 | D:5      | Reached skill level 9 in Ranged Weapons
  4563 | D:5      | 4563 ||| UPGRADING to +0 pair of gloves.
  4591 | D:6      | Noticed a two-headed ogre
  4593 | D:6      | 4593 ||| ZAPPING wand of light (14) at 5,-5 (two-headed
                  | ogre; floor).
  4594 | D:6      | 4594 ||| ZAPPING wand of light (13) at 4,-4 (two-headed
                  | ogre; floor).
  4595 | D:6      | 4595 ||| FLEEEEING.
  4596 | D:6      | 4596 ||| FLEEEEING.
  4597 | D:6      | 4597 ||| FLEEEEING.
  4598 | D:6      | 4598 ||| STAIRDANCE
  4608 | D:6      | 4608 ||| INVOKING Heroism.
  4609 | D:6      | Slain by a two-headed ogre

Levels and vault maps discovered:
D:1:      minmay_arrival_split_and_join, layout_basic,
          hellmonk_ecumenical_altar_leap_of_faith
D:2:      layout_basic, serial_shops, shop, serial_bayou_crossing
D:3:      layout_rooms, nicolae_overflow_hidden_temple, uniq_jessica
D:4:      layout_basic, led_xom_imps, mainiacjoe_overflow_tiny_flanked,
          minmay_temple_entry_statues_pillars, dk_vineyard_3, uniq_natasha,
          uniq_blork_the_orc, uniq_edmund
D:5:      layout_cave_pods
D:6:      layout_cave_pools, kennysheep_generic_room_9

Skill      XL: |  1  2  3  4  5  6  7  8 |
---------------+-------------------------+-----
Ranged Weapons | 5 6 7 8 9 |  9.0
Fighting       | 3 4 5 |  5.4
Armour         | 1 |  1.2
Dodging        | 2 |  2.6
Invocations    | 4 |  4.1
Stealth        | |  1.1

Action                     |  1- 3 |  4- 6 |  7- 9 || total
---------------------------+-------+-------+-------++-------
   Fire: Shortbow          |    85 |   173 |    27 ||   285
         Hand cannon       |       |       |    73 ||    73
 Invoke: Heroism           |       |       |     1 ||     1
  Evoke: Wand              |       |       |     2 ||     2
    Use: Scroll            |     5 |     5 |     4 ||    14
         Potion            |       |     1 |     4 ||     5
 Armour: Leather armour    |    16 |    42 |    49 ||   107
  Dodge: Dodged            |    21 |    40 |    37 ||    98

Table legend:
 A = Non-vault XP
 B = Vault XP
 C = Vault XP percentage of total XP
 D = Non-vault monster count
 E = Vault monster count
 F = Vault count percentage of total count
                 A         B        C        D         E       F
            +---------+---------+-------+---------+---------+-------
      Total |    1582 |     472 |  23.0 |      99 |       7 |   6.6
            +---------+---------+-------+---------+---------+-------
        D:1 |      40 |       0 |   0.0 |      22 |       0 |   0.0
        D:2 |      79 |       0 |   0.0 |      20 |       0 |   0.0
        D:3 |      42 |      37 |  46.8 |      10 |       1 |   9.1
        D:4 |     461 |     435 |  48.5 |      29 |       6 |  17.1
        D:5 |     827 |       0 |   0.0 |      17 |       0 |   0.0
        D:6 |     133 |       0 |   0.0 |       1 |       0 |   0.0
            +---------+---------+-------+---------+---------+-------
